 Dungeon Crawl Stone Soup version 0.17-a0-1642-gd4b747b (webtiles) character file.

48 Gorice the Scratcher (level 3, -2/15 HPs)
             Began as a Felid Wanderer on Aug 8, 2015.
             Slain by a gnoll
             ... wielding a +0 club
              (8 damage)
             ... on level 1 of the Dungeon.
             The game lasted 00:07:37 (1959 turns).

Gorice the Scratcher (Felid Wanderer)               Turns: 1959, Time: 00:07:37

Health: -2/15      AC:  1    Str:  8 (9)  XL:     3   Next: 50%
Magic:  5/5        EV: 18    Int: 15      God:
Gold:   159        SH:  0    Dex: 15      Spells: 0 memorised, 4 levels left
                                        Lives:  0   Deaths: 0

rFire  . . .     SeeInvis +       - Unarmed
rCold  . . .     Clarity  .     (armour unavailable)
rNeg   . . .     SustAt   .     (shield unavailable)
rPois  .         Gourm    .     (helmet unavailable)
rElec  .         Spirit   .     (cloak unavailable)
rCorr  .         Warding  .     (gloves unavailable)
rMut   .         Stasis   .     (boots unavailable)
MR     .....                    g - amulet of rage
Stlth  ++........               (no ring)
                                j - +2 ring of intelligence

@: quick, not resistant to hostile enchantments, unstealthy
A: no armour, no weapons or thrown items, claws 1, fangs 3, see invisible,
carnivore 3, speed 1, shaggy fur 1, slow metabolism 1, sharp paws
a: Evoke Berserk Rage


You were on level 1 of the Dungeon.
You were very full.

You visited 1 branch of the dungeon, and saw 2 of its levels.

You collected 159 gold pieces.

Inventory:

Jewellery
 g - an amulet of rage (around neck)
 j - a +2 ring of intelligence (left paw)
Scrolls
 a - 2 scrolls of fear {unknown}
 b - a scroll of blinking
 d - a scroll of teleportation {!r}
 f - 2 scrolls of identify {unknown}
 m - a scroll of remove curse
Potions
 c - a potion of lignification {!q}
 h - a potion of might {unknown}
Comestibles
 e - a meat ration {!e}
 i - a slice of pizza
 n - a beef jerky


   Skills:
 - Level 1.0 Fighting
 * Level 3.2 Dodging
 * Level 3.9 Unarmed Combat
 - Level 1.0 Spellcasting
   Level 1.1 Transmutations
   Level 1.0 Fire Magic
 - Level 2.1 Evocations


You had 4 spell levels left.
You didn't know any spells.

Dungeon Overview and Level Annotations

Branches:
Dungeon (2/15)

Altars:
Ru


Innate Abilities, Weirdness & Mutations

You cannot wear armour.
You are incapable of wielding weapons or throwing items.
You have sharp claws.
You have razor-sharp teeth.
You have supernaturally acute eyesight.
You are carnivorous and can eat meat at any time.
You cover ground quickly.
You are covered in fur (AC +1).
You have a slow metabolism.
Your sharp claws are effective at attacking unaware monsters.


Message History

There is a stone staircase leading up here.
The gnoll misses you.
The gnoll is too close now for your liking.
There is a stone staircase leading up here.
The gnoll closely misses you.
The gnoll hits you from afar with a spear.
You climb upwards.
There is a stone staircase leading down, spattered with blood here.
Damage: 2 (max 2) Use which ability? (? or * to list)
A red film seems to cover your vision as you go berserk!
You feel yourself moving faster!
You feel mighty! The gnoll hits you with a whip.
You completely miss the gnoll. The gnoll hits you with a whip.
Damage: 2 (max 2)
You claw the gnoll!
The gnoll is severely wounded.
The gnoll barely misses you.
You closely miss the gnoll.
The gnoll is severely wounded.
You barely miss the gnoll. You bite the gnoll.
You kill the gnoll!
You see here a whip.
You feel a strong urge to attack something.
There is a stone staircase leading down, spattered with blood here.
You start resting.
You feel your anger subside.
You are no longer berserk.
You pass out from exhaustion.
You feel yourself slow down.
You can move again.
Damage: 5 (max 5)
You start resting.
The gnoll shouts!
You hear a shout!
The goblin shouts!
The goblin hits you with a club.
Damage: 1 (max 1)
The goblin hits you with a club.
Damage: 6 (max 6)
The goblin completely misses you.
You feel yourself speed up. The goblin misses you.
You feel less exhausted. The gnoll hits you with a club.
Damage: 1 (max 1)
You scratch the gnoll.
The gnoll is severely wounded.
The gnoll hits you with a club!
Ouch! That really hurt!
You die...

#.#.##..###.....############.%...
#^#.##..###..#### #..g......
.............# ###.###.....
......#####.## ####.....##....
.##.#.# #...# #........####..
....#.# #...# ###.##.#...# #..
......# #...####..[.......######
.#.##.####...##g#.#.##.##..##....
.#.##..........#@.#........##....
..............###)####...........
)####..........#.## #.######....
..###.####......######.### #....
......# #....#..###....>)# #####
..#######...#.#..##..#.#.# # #.#
#......#...#.........######## #.#
#.#####.....#####.#..#......# #.#
#..#.........[.#.....#.####..


You could see a gnoll.

Vanquished Creatures
  A gnoll (D:1)
  An adder (D:2)
  A giant cockroach (D:1)
  5 goblins
  4 hobgoblins
  6 kobolds
  3 bats (D:1)
  3 giant newts (D:2)
  8 rats
32 creatures vanquished.

Notes
Turn   | Place    | Note
--------------------------------------------------------------
     0 | D:1      | Gorice the Felid Wanderer began the quest for the Orb.
     0 | D:1      | Gorice set off with: a potion of heal wounds {!q}, a scroll of blinking, a potion of lignification {!q}, a scroll of teleportation {!r}, a meat ration {!e}
     0 | D:1      | Reached XP level 1. HP: 9/9 MP: 3/3
   311 | D:1      | Reached skill level 2 in Dodging
   372 | D:1      | Reached XP level 2. HP: 9/12 MP: 4/4
  1176 | D:2      | Reached skill level 3 in Dodging
  1177 | D:2      | Reached XP level 3. HP: 6/15 MP: 5/5
  1183 | D:2      | HP: 4/15 [poisoned by an adder]
  1385 | D:2      | Found a sacrificial altar of Ru.
  1635 | D:1      | HP: 4/15 [gnoll/whip (3)]
  1959 | D:1      | Slain by a gnoll

Vault maps used:
D:1:      scummos_arrival_star
D:2:      nicolae_ru_sacrificial_ziggurat, serial_curves, eino_curves_02,
          eino_curves_03, eino_curves_03, ashenzari_altar_1, uniq_jessica

Action                   || total
-------------------------++-------
Melee: Unarmed           ||    84
 Abil: Evoke Berserk Rag ||     1
  Use: Scroll            ||     2
       Potion            ||     2
 Stab: Sleeping          ||     6
       Distracted        ||     1
  Eat: Chunk             ||     9

Table legend:
 A = Turns spent in this place as a percentage of turns spent in the entire game.
 B = Non-inter-level travel turns spent in this place as a percentage of non-inter-level travel turns spent in the entire game.
 C = Inter-level travel turns spent in this place as a percentage of turns spent in this place.
 D = Turns resting spent in this place as a percentage of non-inter-level travel turns spent in this place.
 E = Turns spent auto-exploring this place as a percentage of non-inter-level travel turns spent in this place.
 F = Non-inter-level travel turns spent in this place divided by the number of levels of this place that you've seen.
                   A       B       C       D       E      F
               +-------+-------+-------+-------+-------+----------------------
         Total | 100.0 | 100.0 |   0.3 |   5.8 |   6.5 | 329.0
       Dungeon | 100.0 | 100.0 |   0.3 |   5.8 |   6.5 | 329.0
               +-------+-------+-------+-------+-------+----------------------

Vault maps used:
D:1:      scummos_arrival_star
D:2:      nicolae_ru_sacrificial_ziggurat, serial_curves, eino_curves_02,
          eino_curves_03, eino_curves_03, ashenzari_altar_1, uniq_jessica
